 Dungeon Crawl Stone Soup version 0.28.0-53-g5a82cb258f (webtiles) character file.

Game seed: 15390435679678618022

64 Plasmagod the Magician (level 4, -2/31 HPs)
             Began as a Djinni Hedge Wizard on July 18, 2022.
             Slain by Crazy Yiuf
             ... wielding a +4 quarterstaff of chaos
              (9 damage)
             ... on level 2 of the Dungeon.
             The game lasted 00:03:16 (2300 turns).

Plasmagod the Magician (Djinni Hedge Wizard)        Turns: 2300, Time: 00:03:16

Health: -2/31      AC:  3    Str:  9    XL:     4   Next: 32%
Gold:   74         EV: 12    Int: 17    God:
                   SH:  0    Dex: 13

rFire   + + .      SeeInvis .   l - +0 dagger (protect)
rCold   x . .      Faith    .   (no shield)
rNeg    . . .      Spirit   .   b - +0 robe
rPois   ∞          Reflect  .   c - +0 hat
rElec   .          Harm     .   (no cloak)
rCorr   .          Rampage  .   k - +0 pair of gloves
Will    .....                   (boots unavailable)
Stlth   ++........              (no amulet)
HPRegen 0.10/turn               (no ring)
MPRegen 0.00/turn               (no ring)

@: flying
A: sickness immunity, fire resistance 2, cold vulnerability 1, float, innate
caster, HP casting, extra vitality 1
a: no special abilities


You were on level 2 of the Dungeon.
You visited 1 branch of the dungeon, and saw 2 of its levels.

You collected 74 gold pieces.

Inventory:

Hand Weapons
 l - a +0 dagger of protection (weapon)
Armour
 b - a +0 robe (worn)
 c - a +0 hat (worn)
 k - a +0 pair of gloves (worn)
Jewellery
 g - a +6 ring of strength
 j - an amulet of faith
Wands
 h - a wand of flame (10)
Scrolls
 d - 3 scrolls of identify {unknown}
 e - a scroll of teleportation {unknown}
Potions
 f - 3 potions of curing {unknown}
 i - a potion of attraction {unknown}


   Skills:
 + Level 2.6 Dodging
 + Level 1.9 Stealth
 + Level 3.5 Spellcasting


You couldn't memorise any spells.
You knew the following spells:

 Your Spells              Type           Power      Damage    Failure   Level
a - Magic Dart            Conj           56%        1d5       4%          1
b - Blink                 Tloc           28%        N/A       6%          2
c - Call Imp              Summ           14%        N/A       6%          2
d - Slow                  Hex            56%        N/A       4%          1
e - Conjure Flame         Conj/Fire      14%        6-21      12%         3
f - Mephitic Cloud        Conj/Pois/Air  14%        N/A       12%         3
g - Sting                 Tmut/Pois      56%        1d5       4%          1
Your spell library was empty.

Dungeon Overview and Level Annotations

Branches:
Dungeon (2/15)

Altars:

Annotations:
D:2 Crazy Yiuf


Innate Abilities, Weirdness & Mutations

You are immune to sickness and miasma.
You are immune to poison.
Your flesh is very heat resistant. (rF++)
You are vulnerable to cold. (rC-)
You float through the air rather than walking.
You learn spells naturally, not from books.
Your magical power is your life essence.
You have superior vitality. (+4 MHP)


Message History

You see here a hobgoblin corpse.
There is a stone staircase leading down here.
Things that are here:
a +0 flail; a +0 scale mail
Found 5 poisoned darts.
Things that are here:
a +0 flail; a +0 scale mail Crazy Yiuf shouts!
Crazy Yiuf cries, "Goober!"
You reach down and open the door.
Crazy Yiuf says, "Lay return to song high!"
Casting: Sting (safe; 4% risk of failure)
Confirm with . or Enter, or press ? or * to list all spells.
Aiming: Sting (safe; 4% risk of failure)
Press: ? - help, Shift-Dir - straight line, f - Crazy Yiuf
Aim: Crazy Yiuf, wielding a +4 quarterstaff of chaos and wearing a +0 cloak of preservation (75% to hit)
The sting misses Crazy Yiuf.
Crazy Yiuf says, "Hack!
Shower sanguine stair."
Crazy Yiuf hits you with a +4 quarterstaff of chaos!
Crazy Yiuf freezes you!
* * * LOW HITPOINT WARNING * * *
Casting: Sting (safe; 4% risk of failure)
Confirm with . or Enter, or press ? or * to list all spells.
Aiming: Sting (safe; 4% risk of failure)
Press: ? - help, Shift-Dir - straight line, f/p - Crazy Yiuf
Aim: Crazy Yiuf, wielding a +4 quarterstaff of chaos and wearing a +0 cloak of preservation (75% to hit)
The sting hits Crazy Yiuf.
Crazy Yiuf is poisoned.
Crazy Yiuf is lightly wounded.
* * * LOW HITPOINT WARNING * * *
Crazy Yiuf closely misses you.
Casting: Sting (safe; 4% risk of failure)
Confirm with . or Enter, or press ? or * to list all spells.
Aiming: Sting (safe; 4% risk of failure)
Press: ? - help, Shift-Dir - straight line, f/p - Crazy Yiuf
Aim: Crazy Yiuf, wielding a +4 quarterstaff of chaos and wearing a +0 cloak of preservation (lightly wounded, poisoned, 75% to hit)
The sting hits Crazy Yiuf.
Crazy Yiuf looks even sicker.
Crazy Yiuf is moderately wounded.
* * * LOW HITPOINT WARNING * * *
Crazy Yiuf hits you with a +4 quarterstaff of chaos!
You die...

############### ###
###.#.P..##......
#...##..#..P..........
#...g@####............
#)..### ##P..........
### ####........
#........ #)......<
###### ####
#####...>... #....#
#..# #.###...÷...
#....# ##.##
#.##........
#....###...#
#.##.......÷


You could see Crazy Yiuf (very poisoned).

Vanquished Creatures
  Terence (D:2)
  2 worms (D:2)
  4 ball pythons
  6 bats
  3 endoplasms
  5 goblins
  5 hobgoblins
  3 quokkas
  2 frilled lizards (D:1)
  3 rats (D:1)
34 creatures vanquished.

Notes
Turn   | Place    | Note
-------+----------+-------------------------------------------
     0 | D:1      | Plasmagod the Djinni Hedge Wizard began the quest for the
                  | Orb.
     0 | D:1      | Reached XP level 1. HP: 15/15 MP: 0/0
   239 | D:1      | Reached XP level 2. HP: 19/21 MP: 0/0
   627 | D:1      | Found a faded altar of an unknown god.
   730 | D:1      | Reached XP level 3. HP: 10/25 MP: 0/0
   730 | D:1      | Learned a level 1 spell: Sting
   995 | D:2      | Reached skill level 3 in Spellcasting
  1673 | D:2      | Noticed Terence
  1690 | D:2      | Killed Terence
  1691 | D:2      | Reached XP level 4. HP: 6/31 MP: 0/0
  2025 | D:2      | Found a runed translucent door.
  2026 | D:2      | Noticed Crazy Yiuf
  2300 | D:2      | Slain by Crazy Yiuf

Illustrated notes

Levels and vault maps discovered:
D:1:      enne_arrival_octagon_isle, layout_rooms,
          shapermc_ecumenical_altar_mp_urbaneastern
D:2:      minmay_alternating_diamond, layout_rooms, serial_bayou_pond_e,
          uniq_crazy_yiuf_cottage, uniq_terence

Skill      XL: |  1  2  3 |
---------------+----------+-----
Spellcasting   | 3 |  3.5
Dodging        | |  2.6
Stealth        | |  1.9

Action                   |  1- 3 |  4- 6 || total
-------------------------+-------+-------++-------
Melee: Dagger            |     6 |       ||     6
 Cast: Magic Dart        |    72 |     5 ||    77
       Sting             |    11 |     4 ||    15
       Call Imp          |     1 |       ||     1
Armor: Robe              |     4 |     1 ||     5
Dodge: Dodged            |    12 |     2 ||    14
